 Dungeon Crawl Stone Soup version 0.29.1-15-g9cfb28693d (webtiles) character file.

Game seed: 13239701505528358693

207 Sanktem7 the Trooper (level 5, 0/49 HPs)
             Began as a Minotaur Berserker on Mar 2, 2023.
             Was a Believer of Trog.
             Slain by a sky beast (4 damage)
             ... on level 4 of the Dungeon on Mar 3, 2023.
             The game lasted 00:06:05 (2618 turns).

Sanktem7 the Trooper (Minotaur Berserker)           Turns: 2618, Time: 00:06:05

Health: 0/49       AC:  7    Str: 24    XL:     5   Next: 54%
Magic:  4/4        EV:  8    Int:  4    God:    Trog [**....]
Gold:   133        SH:  8    Dex:  9    Spells: 4/4 levels left

rFire   . . .      SeeInvis .   a - +0 hand axe {axe}
rCold   . . .      Faith    .   f - +2 kite shield
rNeg    . . .      Spirit   .   n - +0 scale mail
rPois   .          Reflect  .   (helmet restricted)
rElec   .          Harm     .   o - scarf {shadows}
rCorr   .          Rampage  .   (no gloves)
Will    .....                   (no boots)
Stlth   ..........              (no amulet)
HPRegen 0.16/turn               (no ring)
MPRegen 0.09/turn               (no ring)

@: no status effects
A: horns 2, retaliatory headbutt
a: Renounce Religion, Berserk, Trog's Hand


You were on level 4 of the Dungeon.
You worshipped Trog.
Trog was pleased with you.
You visited 1 branch of the dungeon, and saw 4 of its levels.

You collected 133 gold pieces.


Innate Abilities, Weirdness & Mutations

You have a pair of horns on your head.
You reflexively headbutt those who attack you in melee.


   Skills:
 * Level 5.6 Fighting
 * Level 5.5 Axes
 + Level 3.7 Armour
 - Level 2.1 Dodging


You had 4 spell levels left.
You didn't know any spells.
Your spell library contained the following spells:

 Spells                   Type           Power      Damage    Failure   Level
 Shock                    Conj/Air       0%         1d3       99%         1
 Gell's Gravitas          Tloc           0%         N/A       100%        3
 Lesser Beckoning         Tloc           0%         N/A       100%        3
 Swiftness                Air            0%         N/A       100%        3
 Teleport Other           Tloc           0%         N/A       100%        3
 Airstrike                Air            0%         2d(0-16)  100%        4
 Dispersal                Tloc           0%         N/A       100%        6
 Chain Lightning          Conj/Air       0%         N/A       100%        9
 Fire Storm               Conj/Fire      0%         5d1       100%        9
 Shatter                  Erth           0%         3d5*      100%        9

Inventory:

Hand Weapons
 a - a +0 hand axe (weapon) {axe}
Missiles
 c - 6 poisoned darts (quivered) {throwing}
 g - 22 stones {throwing}
 y - a throwing net {=f!fthrowing}
Armour
 f - a +2 kite shield (worn)
   (You found it on level 1 of the Dungeon)
 n - a +0 scale mail (worn)
   (You found it on level 1 of the Dungeon)
 o - a scarf of shadows (worn)
   (You found it on level 2 of the Dungeon)
 t - a +2 helmet
   (You found it on level 3 of the Dungeon)
 C - a +0 pair of gloves
   (You found it on level 3 of the Dungeon)
Jewellery
 A - a ring of protection from cold
   (You found it on level 3 of the Dungeon)
Wands
 p - a wand of polymorph (8)
   (You found it on level 2 of the Dungeon)
Scrolls
 e - a scroll of blinking {unknown}
 h - a scroll of fear {unknown}
 j - a scroll of teleportation {unknown}
 m - a scroll of noise {unknown}
 q - 2 scrolls of identify {@r1}
 s - a scroll of summoning {unknown}
 v - a scroll of magic mapping {!r}
 w - a scroll of enchant weapon {unknown}
 z - a scroll of immolation {unknown}
 B - a scroll of vulnerability {unknown}
 D - a scroll of poison {unknown}
Potions
 b - a potion of degeneration {unknown}
 d - a potion of lignification {unknown}
 i - a potion of brilliance
 k - a potion of heal wounds {unknown}
 l - 2 potions of magic {unknown}
 r - a potion of ambrosia {unknown}
 u - 2 potions of haste {unknown}
 x - a potion of might {unknown}
 E - a potion of curing {unknown}

Dungeon Overview and Level Annotations

Branches:
Dungeon (4/15) Zot: 21342
 Temple: D:4-7

Altars:
Dithmenos
Hepliaklqana
Makhleb

Shops:
D:4

* #...###....####
....##........## ..
...##.....#.....
..#................
#......#...........
#......##......#... ##.
#......###.....#...
....#.............#....
.....{@.....#....##....
...........###.........
....P..................
....P..##..##........#.
....P..#...##......####
.##.P..............####
#.....#####...#......
........##...###.....
._.#.#......###.....


There were no monsters in sight!


Message History

You kill the hobgoblin!
Trog accepts your kill.
No target in view!
No target in view!
No target in view!
No target in view!
No target in view!
No target in view!
No target in view!
No target in view!
No target in view!
No target in view!
No target in view!
No target in view!
No target in view!
E - a fuming coppery potion You now have 133 gold pieces (gained 4).
Found a hazy altar of Hepliaklqana.
There is an entrance to Hajacoh's Humungous Hoard here.
A sky beast comes into view.
The sky beast flickers out of sight!
Deactivating autopickup; reactivate with Ctrl-A.
There is a strange disturbance nearby!
No target in view!
No target in view!
No target in view!
No target in view!
No target in view!
No target in view!
No target in view!
No target in view!
No target in view!
No target in view!
No target in view!
No target in view!
No target in view!
No target in view!
No target in view!
No target in view!
You hit something but do no damage. You block something's attack.
You miss something. Something hits you but does no damage. Something hits you.
Something shocks you. 😕 HP[-6]
You take 6 damage, and now have 43/49 hp.
You hit something but do no damage. Something hits you but does no damage.
You hit something but do no damage. Something hits you but does no damage.
You closely miss something. Something hits you. Something shocks you. 😮 HP[-9]
You take 9 damage, and now have 34/49 hp.
You hit something but do no damage. Something hits you but does no damage.
Something hits you. Something shocks you.
* * * LOW HITPOINT WARNING * * *
😨 HP[-10]
You take 10 damage, and now have 24/49 hp.
MASSIVE DAMAGE!! (PAUSE)
You hit something. Your headbutt misses something.
A sky beast appears from thin air!
Reactivating autopickup.
The sky beast closely misses you. 😮 HP[+1]
You closely miss the sky beast.
The sky beast hits you but does no damage.
You barely miss the sky beast. Your headbutt misses the sky beast.
You block the sky beast's attack.
You miss the sky beast. Your headbutt misses the sky beast.
The sky beast closely misses you.
The sky beast hits you but does no damage.
You closely miss the sky beast. The sky beast hits you.
* * * LOW HITPOINT WARNING * * *
The sky beast shocks you.
* * * LOW HITPOINT WARNING * * *
😨 HP[-10]
You take 10 damage, and now have 15/49 hp.
MASSIVE DAMAGE!! (PAUSE)
You barely miss the sky beast. The sky beast hits you.
* * * LOW HITPOINT WARNING * * *
The sky beast shocks you.
* * * LOW HITPOINT WARNING * * *
😱 HP[-6]
You take 6 damage, and now have 9/49 hp.
You closely miss the sky beast. You block the sky beast's attack.
You barely miss the sky beast. Your headbutt misses the sky beast.
You block the sky beast's attack.
You closely miss the sky beast. The sky beast hits you.
* * * LOW HITPOINT WARNING * * *
The sky beast shocks you.
* * * LOW HITPOINT WARNING * * *
The sky beast hits you but does no damage. 😱 HP[-6]
You take 6 damage, and now have 3/49 hp.
You hit the sky beast but do no damage. Your headbutt misses the sky beast.
The sky beast barely misses you. You furiously retaliate!
You headbutt the sky beast! You closely miss the sky beast.
The sky beast closely misses you. 😱 HP[+1]
You barely miss the sky beast. You headbutt the sky beast!
The sky beast flickers out of sight!
Deactivating autopickup; reactivate with Ctrl-A.
Something hits you.
You die...

Skill      XL: |  1  2  3  4 |
---------------+-------------+-----
Fighting       | 4 5 |  5.6
Axes           | 4 5 |  5.5
Armour         | 3 |  3.7
Dodging        | |  2.1

Action                   |  1- 3 |  4- 6 || total
-------------------------+-------+-------++-------
Melee: Hand axe          |    95 |    53 ||   148
       Headbutt          |    10 |    10 ||    20
  Use: Scroll            |     2 |       ||     2
Armor: Animal skin       |    11 |       ||    11
       Scale mail        |    30 |    22 ||    52
Dodge: Dodged            |    45 |    10 ||    55
Block: Kite shield       |    46 |    15 ||    61

Levels and vault maps discovered:
D:1:      dpeg_arrival_arbitrary_b, layout_loops_ring,
          hellmonk_ecumenical_altar_defaced_shrine
D:2:      layout_basic
D:3:      layout_rooms, mainiacjoe_overflow_alcove_4,
          lemuel_coloured_pillars_altar, minmay_misc_feat_tiny,
          kennysheep_generic_room_6
D:4:      layout_cave_pools, overflow_temple_1_default,
          mainiacjoe_overflow_boulevard, nicolae_alphabet_shops,
          nicolae_shop_unique_rings, uniq_grinder

Notes
Turn   | Place    | Note
-------+----------+-------------------------------------------
     0 | D:1      | Sanktem7 the Minotaur Berserker began the quest for the
                  | Orb.
     0 | D:1      | Reached XP level 1. HP: 19/19 MP: 0/0
     0 | D:1      | magus.rc [v1.9.6]
    11 | D:1      | You add the spells Gell's Gravitas, Teleport Other and
                  | Dispersal to your library.
    97 | D:1      | magus.rc [v1.9.6]
   169 | D:1      | Reached XP level 2. HP: 24/27 MP: 1/1
   202 | D:1      | You pick up a book of Displacement {forbidden} and begin
                  | reading...
   226 | D:1      | Reached skill level 4 in Fighting
   282 | D:1      | Reached skill level 4 in Axes
   671 | D:1      | Found a faded altar of an unknown god.
  1101 | D:2      | Reached XP level 3. HP: 33/34 MP: 2/2
  1207 | D:2      | Reached skill level 3 in Armour
  1338 | D:2      | Reached ** piety under Trog
  1836 | D:3      | Reached XP level 4. HP: 41/41 MP: 3/3
  1916 | D:3      | Noticed a necrophage
  1923 | D:3      | Killed a necrophage
  1924 | D:3      | Reached skill level 5 in Fighting
  1924 | D:3      | Reached skill level 5 in Axes
  1924 | D:3      | Reached XP level 5. HP: 48/48 MP: 4/4
  1967 | D:3      | You pick up a book of Annihilations {forbidden} and begin
                  | reading...
  1967 | D:3      | You add the spells Chain Lightning, Fire Storm and Shatter
                  | to your library.
  2185 | D:3      | Found a burning altar of Makhleb.
  2358 | D:3      | Found a shadowy altar of Dithmenos.
  2536 | D:4      | You pick up a book of Air {forbidden} and begin reading...
  2536 | D:4      | You add the spells Shock, Swiftness and Airstrike to your
                  | library.
  2571 | D:4      | Found Hajacoh's Humungous Hoard.
  2583 | D:4      | Found a hazy altar of Hepliaklqana.
  2598 | D:4      | Noticed a sky beast
  2612 | D:4      | HP: 9/49 [sky beast (6)]
  2615 | D:4      | HP: 3/49 [sky beast (5)]
  2618 | D:4      | Slain by a sky beast

Vanquished Creatures
  A necrophage (D:3)
  A scorpion (D:3)
  3 adders
  A worm (D:2)
  2 dart slugs (D:2)
  An orc (D:4)
  7 bats
  2 endoplasms (D:1)
  8 giant cockroaches
  3 goblins
  4 hobgoblins
  A quokka (D:2)
  14 ball pythons
  2 frilled lizards
  4 rats
54 creatures vanquished.

Table legend:
 A = Non-vault XP
 B = Vault XP
 C = Vault XP percentage of total XP
 D = Non-vault monster count
 E = Vault monster count
 F = Vault count percentage of total count
                 A         B        C        D         E       F
            +---------+---------+-------+---------+---------+-------
      Total |     290 |       6 |   2.0 |      50 |       4 |   7.4
            +---------+---------+-------+---------+---------+-------
        D:1 |      21 |       5 |  19.2 |      13 |       3 |  18.8
        D:2 |      70 |       0 |   0.0 |      24 |       0 |   0.0
        D:3 |     190 |       1 |   0.5 |       9 |       1 |  10.0
        D:4 |       9 |       0 |   0.0 |       4 |       0 |   0.0
            +---------+---------+-------+---------+---------+-------

Illustrated notes

Table legend:
 A = Kills in this place as a percentage of kills in entire the game.
 B = Kills by you in this place as a percentage of kills by you in the entire game.
 C = Kills by friends in this place as a percentage of kills by friends in the entire game.
 D = Other kills in this place as a percentage of other kills in the entire game.
 E = Experience gained in this place as a percentage of experience gained in the entire game.
 F = Experience gained in this place divided by the number of levels of this place that you have seen.
                   A       B       C       D       E      F
               +-------+-------+-------+-------+-------+----------------------
         Total | 100.0 | 100.0 |   N/A |   N/A | 100.0 |  74.0
       Dungeon | 100.0 | 100.0 |   N/A |   N/A | 100.0 |  74.0
               +-------+-------+-------+-------+-------+----------------------

Table legend: (Time is in decaauts)
 A = Elapsed time spent in this place.
 B = Non-inter-level travel time spent in this place.
 C = Inter-level travel time spent in this place.
 D = Time resting spent in this place.
 E = Time spent auto-exploring this place.
 F = Levels seen in this place.
 G = Mean time per level.
                   A        B        C        D        E       F      G
               +--------+--------+--------+--------+--------+-----+--------+
         Total |   2656 |   2535 |    121 |      0 |   2150 |   4 |  664.0 |
       Dungeon |   2656 |   2535 |    121 |      0 |   2150 |   4 |  664.0 |
               +--------+--------+--------+--------+--------+-----+--------+

Top non-repeatable levels by time:
     D:1: 1057 daAuts
     D:2: 802 daAuts
     D:3: 594 daAuts
     D:4: 201 daAuts
